 Dungeon Crawl Stone Soup version 0.30.1-8-g117510f58f (webtiles) character file.

Game seed: 4434500600557632747

102 Dillybarz the Covered (level 4, -5/41 HPs)
             Began as a Minotaur Fighter on Sept 22, 2023.
             Slain by a gnoll
             ... wielding a +0 halberd of venom
              (6 damage)
             ... on level 4 of the Dungeon.
             The game lasted 00:12:56 (2709 turns).

Dillybarz the Covered (Minotaur Fighter)            Turns: 2709, Time: 00:12:57

Health: -5/41      AC:  9    Str: 22    XL:     4   Next: 49%
Magic:  3/3        EV:  8    Int:  5    God:
Gold:   139        SH:  5    Dex: 10    Spells: 3/3 levels left

rFire   . . .        a - +0 war axe
rCold   . . .        c - +1 buckler
rNeg    . . .        u - +0 chain mail
rPois   .            (helmet restricted)
rElec   .            (no cloak)
rCorr   .            (no gloves)
SInv    .            (no boots)
Will    .....        (no amulet) Stlth
                     (no ring)
HPRegen 0.26/turn    (no ring)
MPRegen 0.08/turn

%: no passive effects
@: lethally poisoned (-5 -> -18)
A: horns 2, retaliatory headbutt
a: no special abilities


You were on level 4 of the Dungeon.
You visited 1 branch of the dungeon, and saw 4 of its levels.

You collected 139 gold pieces.

Inventory:

Hand Weapons
 a - a +0 war axe (weapon)
Missiles
 g - 13 stones (quivered)
Armour
 b - a +0 scale mail
 c - a +1 buckler (worn)
 u - a +0 chain mail (worn)
Jewellery
 f - an amulet of faith
 q - an amulet of reflection
Scrolls
 i - 5 scrolls of identify
 k - a scroll of enchant armour
 l - a scroll of teleportation
 t - 2 scrolls of magic mapping
Potions
 d - a potion of might
 e - a potion of mutation
 h - a potion of haste {unknown}
 j - a potion of lignification {unknown}
 m - a potion of degeneration {unknown}
 n - 3 potions of curing {unknown}
 p - a potion of invisibility {unknown}
 r - a potion of resistance {unknown}
 s - a potion of flight {unknown}


   Skills:
 + Level 4.3 Fighting
 * Level 4.1 Axes
 + Level 4.3 Armour
 + Level 4.3 Shields


You had 3 spell levels left.
You didn't know any spells.
Your spell library contained the following spells:

 Spells                   Type           Power      Damage    Failure   Level
 Sting                    Tmut/Pois      0%         1d3       99%         1
 Poisonous Vapours        Pois/Air       0%         N/A       99%         2
 Olgreb's Toxic Radiance  Pois           0%         N/A       100%        4


Dungeon Overview and Level Annotations

Branches:
Dungeon (4/15)             Temple (0/1) D:4

Altars:
Dithmenos
Elyvilon
Gozag
Hepliaklqana
Ru

Annotations:
D:3 3 runed translucent doors, monsoonserge's ghost, amateur HOFi


Innate Abilities, Weirdness & Mutations

You have a pair of horns on your head.
You reflexively headbutt those who attack you in melee.


Message History

A gnoll comes into view. It is wielding a +0 whip.
The gnoll shouts!
Things that are here:
a +0 flail; a gnoll corpse A gnoll comes into view.
It is wielding a +0 halberd of venom.
A hobgoblin comes into view.
The hobgoblin shouts!
You barely miss the gnoll. The gnoll hits you with a +0 whip.
The gnoll hits you but does no damage.
You closely miss the gnoll. You block the gnoll's attack.
You closely miss the gnoll. You block the gnoll's attack.
The gnoll hits you but does no damage.
You slash the gnoll!
The gnoll is almost dead.
You hit the hobgoblin but do no damage. The gnoll barely misses you.
The gnoll hits you with a +0 whip. The hobgoblin hits you.
The gnoll hits you from afar with a +0 halberd of venom.
You are poisoned.
The gnoll hits you with a +0 whip.
You barely miss the gnoll. You headbutt the gnoll.
You kill the gnoll!
You closely miss the hobgoblin.
* * * LOW HITPOINT WARNING * * *
You feel very sick. The hobgoblin completely misses you.
The gnoll closely misses you.
You barely miss the hobgoblin. You headbutt the hobgoblin.
You kill the hobgoblin!
* * * LOW HITPOINT WARNING * * *
You feel very sick. You block the gnoll's attack.
You feel sick. You block the gnoll's attack.
You see here a +0 whip.
The gnoll attacks as you move away!
The gnoll hits you with a +0 halberd of venom.
* * * LOW HITPOINT WARNING * * *
You are more poisoned.
* * * LOW HITPOINT WARNING * * *
You feel very sick.
The gnoll hits you from afar with a +0 halberd of venom.
You die...

,** ***,*** *,**,,,,,** ,* *,*
*,***,,,** ,* *,* *,* ***** ,**
*,* **,** * ,,** *,* **,,,** **
,<,** #.####### *,,,,,* **,
,,,,**#......<# *,,,,** **,,
,,,,,*###....)#######.#.,,****,,,
,,,,,+........g)@†......,,,,,+,,,
,,,,,*###....########.#.,,****,,,
,,,,** ##.#.* *,**,** **,, ,,,**
###.* **,******* **, ,,** #.*
*,*,,,,,,* ** +** #.* **,*****,*
* ,******** #.* *** *,* **
,,,,,,,,* *,* *,* *, ,,*****,*
*,* *,* *,


You could see a gnoll.

Vanquished Creatures
  2 gnolls (D:4)
  3 adders
  2 dart slugs
  5 endoplasms
  A giant cockroach (D:2)
  4 hobgoblins
  6 ball pythons
  5 bats
  3 frilled lizards
  6 goblins
  7 kobolds
  9 rats
53 creatures vanquished.

Notes
Turn   | Place    | Note
-------+----------+-------------------------------------------
     0 | D:1      | Dillybarz the Minotaur Fighter began the quest for the Orb.
     0 | D:1      | Reached XP level 1. HP: 19/19 MP: 0/0
   312 | D:1      | Reached XP level 2. HP: 27/27 MP: 1/1
  1088 | D:2      | Reached XP level 3. HP: 33/33 MP: 2/2
  1167 | D:2      | Found a faded altar of an unknown god.
  1704 | D:3      | Found a hazy altar of Hepliaklqana.
  1708 | D:3      | Found a shadowy altar of Dithmenos.
  1708 | D:3      | Noticed a shadow
  1709 | D:3      | Found a runed translucent gate.
  1718 | D:3      | Found a runed translucent gate.
  1720 | D:3      | Found a runed translucent gate.
  1723 | D:3      | Noticed monsoonserge's ghost (amateur HOFi)
  1755 | D:3      | Reached XP level 4. HP: 40/40 MP: 3/3
  1963 | D:3      | Found an opulent altar of Gozag.
  2037 | D:3      | Found a sacrificial altar of Ru.
  2039 | D:3      | Found a white marble altar of Elyvilon.
  2709 | D:4      | HP: 1/41 [poisoned by a gnoll]
  2709 | D:4      | Slain by a gnoll

Illustrated notes

Levels and vault maps discovered:
D:1:      lightli_arrival_windingriver, layout_loops_corners,
          dreamdust_wishing_well
D:2:      layout_loops_ring, hellmonk_ecumenical_altar_run_dry
D:3:      layout_basic, riverfiend_overflow_shadow_ancestor,
          lemuel_crystal_altar, chequers_temple_overflow_statue_of_worship,
          gammafunk_ghost_necromancy
D:4:      layout_loops_corners, minmay_temple_entry_mist,
          amcnicky_mini_corridor_feature, palyth_stone_intersect, uniq_duvessa

Skill      XL: |  1  2  3  4 |
---------------+-------------+-----
Axes           | 3 4 |  4.1
Fighting       | 4 |  4.3
Armour         | 4 |  4.3
Shields        | 4 |  4.3

Action                     |  1- 3 |  4- 6 || total
---------------------------+-------+-------++-------
  Melee: War axe           |    88 |    15 ||   103
         Headbutt          |    10 |     3 ||    13
  Throw: Stone             |    10 |       ||    10
    Use: Scroll            |       |     6 ||     6
 Armour: Scale mail        |    34 |     3 ||    37
         Chain mail        |       |     4 ||     4
  Dodge: Dodged            |    33 |     5 ||    38
  Block: Buckler           |    19 |     6 ||    25
